 Dungeon Crawl Stone Soup version 0.31-a0-237-g2d982f9f85 (webtiles) character file.

Game seed: 13904222466825648273

3006348 Shard1697 the Slayer (level 27, 265/265 (266) HPs)
             Began as a Meteoran Berserker on July 11, 2023.
             Was a High Priest of Trog.
             Escaped with the Orb
             ... and 3 runes!
             The game lasted 02:12:07 (24850 turns).

Shard1697 the Slayer (Meteoran Berserker)          Turns: 24850, Time: 02:12:07

HP:   265/265 (266) AC: 37    Str: 29 (32) XL:     27
MP:   24/24         EV: 17    Int:  8      God:    Trog [*****.]
Gold: 1567          SH: 17    Dex: 18 (20) Spells: 26/26 levels left

rFire   + + .        a - +7 broad axe (flame)
rCold   + + .        t - +1 kite shield {rC+}
rNeg    + . .        o - +8 plate armour {rF+}
rPois   +            A - +2 helmet
rElec   +            K - scarf {rC+ rF+}
rCorr   .            i - +2 pair of gloves {infuse}
SInv    +            G - +2 pair of boots
Will    +++..        U - amulet of regeneration Stlth
                     w - ring of positive energy
HPRegen 1.44/turn    m - ring of Omyelau {rPois rC+ Dex+2 SInv}
MPRegen 0.19/turn

%: infuse magic (1 MP)
@: glowing, studying Unarmed Combat, lightly drained
A: sense surroundings 3, otherworldly, glowing, explore regen, electricity
resistance, cold vulnerability 1
0: Orb of Zot
}: 3/15 runes: decaying, silver, gossamer
a: Renounce Religion, Berserk, Trog's Hand, Brothers in Arms


You escaped.
You worshipped Trog.
Trog was extremely pleased with you.
You visited 9 branches of the dungeon, and saw 47 of its levels.
You visited the Abyss 1 time.
You also visited: Bailey, Gauntlet, Ice Cave and Volcano.

You collected 4597 gold pieces.
You spent 3030 gold pieces at shops.

Inventory:

Hand Weapons
 a - a +7 broad axe of flaming (weapon)
 r - a +2 antimagic broad axe
Armour
 i - a +2 pair of gloves of infusion (worn)
 o - a +8 plate armour of fire resistance (worn)
 t - a +1 kite shield of cold resistance (worn)
 u - +0 acid dragon scales
 A - a +2 helmet (worn)
 E - +0 storm dragon scales
 G - a +2 pair of boots (worn)
 K - a scarf of resistance (worn)
Jewellery
 j - an amulet of guardian spirit
 m - the ring of Omyelau (right hand) {rPois rC+ Dex+2 SInv}
   (You acquired it in a bailey)

   [ring of see invisible]

   Dex:       It affects your dexterity (+2).
   rC:        It protects you from cold.
   rPois:     It protects you from poison.
   SInv:      It lets you see invisible.
 w - a ring of positive energy (left hand)
 x - a ring of protection from fire
 I - a ring of protection from cold
 J - an amulet of reflection
 T - the ring "Efuokly" {Fire *Corrode +Blink rElec Str+2}
   (You bought it in a shop on level 2 of the Orcish Mines)

   [ring of fire]

   It enhances your fire magic.
   Str:       It affects your strength (+2).
   rF:        It protects you from fire.
   rC:        It makes you vulnerable to cold.
   rElec:     It insulates you from electricity.
   +Blink:    It lets you blink.
   *Corrode:  It may corrode you when you take damage.
 U - an amulet of regeneration (around neck)
 W - the ring "Kidghej" {AC+4 Str+4}
   (You bought it in a shop on level 2 of the Orcish Mines)

   [ring of protection]

   AC:        It affects your AC (+4).
   Str:       It affects your strength (+4).
Wands
 b - a wand of charming (56)
 l - a wand of roots (34)
 v - a wand of polymorph (12)
 D - a wand of digging (2)
 M - a wand of flame (85)
 V - a wand of mindburst (13)
 X - a wand of acid (10)
Scrolls
 c - 6 scrolls of poison
 p - 15 scrolls of teleportation
 z - 5 scrolls of blinking
 B - 2 scrolls of silence
 H - a scroll of fog
 P - 14 scrolls of identify
 Q - 5 scrolls of vulnerability
 R - a scroll of fear
 S - 3 scrolls of butterflies
Potions
 d - 3 potions of might
 e - 2 potions of curing
 n - 5 potions of lignification
 q - 2 potions of enlightenment
 s - 4 potions of attraction
 C - 5 potions of magic
 N - 4 potions of berserk rage
Miscellaneous
 y - a phial of floods
 F - a box of beasts


   Skills:
 + Level 25.4 Fighting
 - Level 23.2 Axes
 - Level 18.6 Armour
 - Level 17.0 Dodging
 - Level 6.8 Stealth
 - Level 20.0 Shields
 - Level 20.3 Evocations


You had 26 spell levels left.
You didn't know any spells.
Your spell library was empty.

Dungeon Overview and Level Annotations

Branches:
Dungeon (15/15)            Temple (0/1) D:4            Lair (5/5) D:10
  Swamp (4/4) Lair:2       Spider (4/4) Lair:2        Slime (0/5) Lair:5
    Orc (2/2) D:12            Elf (3/3) Orc:2        Vaults (5/5) D:14
  Crypt (0/3) Vaults:3     Depths (4/4) D:15            Zot (5/5) Depths:4
 Bailey (visited)           IceCv (visited)         Volcano (visited)
Gauntlet (visited)

Altars:
Ashenzari
Elyvilon
Gozag
Kikubaaqudgha
Vehumet
Yredelemnul
Jiyva

Shops:
D:10 ?   D:12 (   D:14 *(!   Orc:1 *   Orc:2 :=**   Vaults:4 (

Portals:
Hell: Depths:3
Abyss: Depths:3
Ziggurat: Depths:2

Annotations:
D:3 3 runed translucent doors, Brisketman's ghost, amateur FeTm
D:9 3 runed translucent doors, liarliar's ghost, novice SpEn
D:11 2 transporters, Shard1697's ghost, journeyman MeBe
Swamp:3 exclusion: downstairs
Swamp:4 Roxanne
Elf:2 3 runed translucent doors
Zot:5 1 transporter, rabbitsville's ghost, legendary HOFi


Innate Abilities, Weirdness & Mutations

You passively map a large area around you.
You are easily found by Zot.
You glow in the dark.
You regain HP and MP as you explore.
You are resistant to electric shocks. (rElec)
You are vulnerable to cold. (rC-)


Message History

There is a stone staircase leading down here.
As you open the door, it creaks loudly!
There is an open door here.
There is a stone staircase leading up here.
You climb upwards.
There is a stone staircase leading down here.
There is a radiant altar of Vehumet here.
There is a stone staircase leading up here.
You climb upwards.
There is a stone staircase leading down here.
A quokka comes into view.
You slash the quokka! You burn the quokka.
You kill the quokka!
Trog accepts your kill.
No target in view!
(D) Dungeon (T) Temple (L) Lair (S) Swamp (N) Spider Nest (M) Slime Pits (O) Orcish Mines (E) Elven Halls (V) Vaults (C) Crypt (U) Depths (H) Hell (Z) Zot
Where to? (Enter - D:1 @ (x,y), ? - help) Magic restored.
There is a staircase leading out of the dungeon here.
Really quaff the potion of mutation?
You feel extremely strange.
You feel agile.
You feel less resistant to poisons.
You feel weaker.
You occasionally lose the ability to drink potions when taking damage.
Really quaff the potion of mutation?
You feel extremely strange.
You feel conductive.
You no longer become unable to drink potions after taking damage.
You begin to heal more quickly.
You feel genetically stable.
Really quaff the potion of mutation?
You feel extremely strange.
You feel genetically unstable.
Your rate of healing slows.
You feel a little healthier.
You feel weaker.
You feel agile.
Really quaff the potion of mutation?
You feel extremely strange.
You feel stronger.
You feel healthier.
You feel clumsy.
You feel vulnerable to cold.
You feel insulated.
You have escaped!

........# *##.######....###......
.....########......###.###.)#####
####...........###...#.#*#.## # #
#######..##....## ..##..# #
#..###....#,, *#.## # #..# #.§..#
*.. # #.## #....# #.# #
#.####....# .... #
#...##.@>.#.#..# #
######.#..######....###### #
#......#### #..........####
##.###### ##.#....>....... #..#
####....###........ ####.##
##.....#..##..†..... #....#
##.......#..#........ #.####
#.........#.##.†.#### #.#
#.........#.#..###


There were no monsters in sight!

Vanquished Creatures
  A dread lich (Vaults:5)
  4 orbs of fire (Zot:5)
  2 ancient liches (Zot:5)
  2 juggernauts
  5 Killer Klowns
  the Lernaean hydra (Swamp:4)
  Saint Roka (Vaults:5)
  4 curse toes
  Xtahua (Vaults:4)
  A caustic shrike (Depths:2)
  9 golden dragons
  A Brimstone Fiend (D:12)
  2 electric golems (Zot:5)
  8 tentacled monstrosities
  22 Orb Guardians
  Mlioglotl (Swamp:1)
  Asterion (Vaults:1)
  5 titans
  2 quicksilver dragons
  2 deep elf master archers (Elf:3)
  6 sphinxes
  3 death cobs
  Frances (Swamp:2)
  A thorn hunter (Swamp:4)
  5 tengu reavers
  Donald (Spider:4)
  7 storm dragons
  3 fire giants
  5 draconian monks
  8 shadow dragons
  2 fenstrider witches (Swamp:4)
  4 draconian knights
  14 vault wardens
  5 emperor scorpions
  3 ghost moths
  4 draconian scorchers
  10 deep elf sorcerers
  4 draconian shifters
  6 frost giants
  3 deep elf elementalists (Elf:3)
  4 spriggan defenders
  A balrug (Depths:2)
  3 draconian stormcallers
  15 ironbound preservers
  3 ironbound thunderhulks (Vaults:4)
  5 draconian annihilators
  2 war gargoyles (Vaults:5)
  7 very ugly things
  2 broodmothers (Spider:4)
  The ghost of Pixtaico the Unseen, an adept FeNe of Elyvilon (Vaults:4)
  A formless jellyfish (Vaults:1)
  15 stone giants
  8 green draconians
  A vampire knight (Depths:1)
  A reaper (IceCv)
  9 black draconians
  7 red draconians
  3 bunyips (Swamp:2)
  3 eleionomae
  Azrael (Spider:3)
  6 deep elf annihilators
  8 white draconians
  7 deep elf demonologists
  Snorg (D:13)
  A minotaur (Gauntlet)
  9 spark wasps
  5 dire elephants
  5 yellow draconians
  5 purple draconians
  A bunyip (shapeshifter) (Vaults:5)
  3 deep elf death magi
  10 ettins
  6 deep elf high priests
  3 fire dragons
  2 entropy weavers (Spider:4)
  A great orb of eyes (Depths:4)
  5 yaktaur captains
  8 ice dragons
  2 spriggan zombies (D:15)
  Fannar (D:10)
  2 ghost crabs
  19 hydras
  2 catoblepae
  Erolcha (D:13)
  32 vault guards
  An ogre mage (Vaults:5)
  3 spriggan air magi (Depths:4)
  6 ironbound frosthearts
  2 jorogumos
  7 alligators
  4 dancing weapons
  2 boulder beetles
  9 centaur warriors
  3 two-headed ogres
  7 deep troll earth magi
  A tengu warrior (Depths:3)
  6 death yaks (Lair:5)
  Erica (D:8)
  6 deep troll shamans
  5 orc high priests
  A vampire mage (Depths:4)
  3 hell knights
  Urug (D:13)
  3 spriggan berserkers
  7 demonic crawlers
  5 deep elf knights
  3 iron trolls (Depths:2)
  A fire crab (Gauntlet)
  33 deep trolls
  6 goliath frogs
  2 glowing orange brains
  5 orb spiders
  6 skeletal warriors (D:15)
  4 pharaoh ants
  5 bog bodies
  A spriggan druid (Swamp:1)
  A flayed ghost (Depths:2)
  A death drake (Depths:2)
  7 steelbarb worms
  10 deep elf zephyrmancers
  4 phantasmal warriors
  6 wizards
  7 deep elf archers
  9 swamp dragons
  13 ironbound convokers
  3 lindwurms
  A tengu zombie (Vaults:4)
  A harpy (shapeshifter) (Vaults:5)
  19 deep elf pyromancers
  8 necromancers
  21 ugly things
  2 orc knights (Bailey)
  An orc sorcerer (Orc:2)
  2 cyclopes
  12 wolf spiders
  3 will-o-the-wisps
  A frost giant zombie (D:15)
  A salamander (shapeshifter) (Depths:4)
  2 manticores
  16 moths of wrath
  A stone giant skeleton (Vaults:4)
  7 black mambas
  An eye of devastation (shapeshifter) (Vaults:4)
  4 elephants (Lair:3)
  An ice statue (IceCv)
  2 molten gargoyles (Lair:5)
  2 gargoyles
  5 torpor snails
  8 vault sentinels
  2 rust devils (D:10)
  9 cane toads
  An eye of devastation (Gauntlet)
  A rime drake (Lair:2)
  A freezing wraith (D:14)
  A kobold demonologist (D:9)
  An efreet (Zot:2)
  13 komodo dragons
  16 yaktaurs
  A guardian mummy (D:15)
  2 anaconda simulacra (IceCv)
  A tengu conjurer (Depths:3)
  An ice devil (IceCv)
  11 polar bears
  5 trolls
  14 hornets
  13 tarantellas
  8 tyrant leeches
  An ettin zombie (D:15)
  14 blink frogs
  4 dream sheep (Lair:4)
  6 slime creatures
  A spriggan (shapeshifter) (Elf:3)
  27 jumping spiders
  12 spriggans
  Sigmund (D:6)
  9 fire bats
  5 shadows
  A wraith (D:10)
  45 yaks
  18 culicivoras
  5 water elementals
  A vampire (D:10)
  2 dire elephant simulacra (IceCv)
  A hog (D:5)
  3 wyverns
  A golden eye (Gauntlet)
  3 fire elementals
  6 basilisks
  2 redbacks (shapeshifter)
  15 vampire mosquitoes
  A yaktaur simulacrum (Vaults:4)
  A steam dragon (Lair:5)
  30 redbacks
  2 death yak simulacra (IceCv)
  A neqoxec (Zot:2)
  An elf skeleton (Vaults:4)
  A harpy simulacrum (IceCv)
  16 swamp worms
  7 wargs
  4 acid dragons
  A hydra simulacrum (IceCv)
  3 floating eyes
  5 hell hounds
  18 water moccasins
  2 ice beasts (D:8)
  8 swamp drakes
  20 orc warriors
  10 black bears
  2 sky beasts
  7 ogres
  19 wolves
  4 centaurs
  A human skeleton (Vaults:4)
  4 kobold brigands
  An earth elemental (Elf:3)
  11 bullfrogs
  A gnoll sergeant (D:12)
  11 two-headed ogre simulacra (IceCv)
  2 cane toad simulacra (IceCv)
  2 scorpions
  A wight (D:9)
  4 killer bees (D:9)
  5 howler monkeys
  4 electric eels
  2 centaur zombies (D:9)
  12 lava snakes
  2 jellies
  6 hounds
  27 orc priests
  A sleepcap (D:5)
  Jessica (D:3)
  3 iguanas
  Natasha (twice) (D:2)
  34 orc wizards
  6 spriggan simulacra (IceCv)
  A polar bear simulacrum (IceCv)
  5 hell rats (Lair:5)
  5 troll simulacra (IceCv)
  A wolf simulacrum (IceCv)
  A howler monkey zombie (D:9)
  11 gnolls
  10 adders
  6 naga simulacra (IceCv)
  A shadow imp (D:5)
  9 white imps
  12 ufetubi
  3 worms
  A dart slug (D:2)
  82 orcs
  13 endoplasms
  5 giant cockroaches
  9 goblins
  7 hobgoblins
  3 jackals (D:1)
  6 quokkas
  3 ball pythons
  8 bats
  6 frilled lizards
  15 kobolds
  5 rats
  2 starspawn tentacles (Swamp:1)
1558 creatures vanquished.

Vanquished Creatures (collateral kills)
  Margery (Vaults:4)
  A tentacled monstrosity (Zot:2)
  An Orb Guardian (Zot:5)
  A deep elf blademaster (Elf:3)
  A draconian scorcher (Zot:2)
  A fire giant (Depths:2)
  A vault warden (Vaults:5)
  2 emperor scorpions (Spider:4)
  A deep elf elementalist (Elf:3)
  A deep elf sorcerer (Elf:3)
  An ironbound preserver (Vaults:4)
  A deep elf demonologist (Elf:3)
  A deep elf annihilator (Elf:3)
  A deep elf high priest (Elf:3)
  A yaktaur captain (Vaults:4)
  3 vault guards (Vaults:5)
  A deep troll shaman (Depths:2)
  A demonic crawler (Spider:4)
  An iron troll (Depths:2)
  An orb spider (Spider:4)
  3 sun moths (Spider:4)
  A spriggan druid (Swamp:4)
  A steelbarb worm (Spider:4)
  A deep elf pyromancer (Elf:3)
  A deep elf zephyrmancer (Elf:3)
  A wolf spider (Spider:4)
  A moth of wrath (Spider:4)
  A torpor snail (Spider:4)
  2 meliai (Spider:4)
  A tyrant leech (Swamp:1)
  A tarantella (Spider:4)
  2 slime creatures (Vaults:1)
  2 culicivoras (Spider:4)
  A swamp worm (Swamp:4)
42 creatures vanquished.

Vanquished Creatures (others)
  An Orb Guardian (Zot:5)
  A white draconian (Zot:3)
  A hydra (Swamp:2)
  A deep elf knight (Elf:1)
  An orb spider (Spider:2)
  An unseen horror (D:13)
  A komodo dragon (Lair:5)
  A bloated husk (Swamp:2)
  A hell hound (Spider:3)
  An orc warrior (Orc:2)
  An orc priest (Orc:2)
  An orc wizard (Orc:2)
  5 foxfires
  3 starspawn tentacles (Swamp:1)
20 creatures vanquished.

Grand Total: 1620 creatures vanquished

Notes
Turn   | Place    | Note
-------+----------+-------------------------------------------
     0 | D:1      | Shard1697 the Meteoran Berserker began the quest for the
                  | Orb.
     0 | D:1      | Reached XP level 1. HP: 19/19 MP: 2/2
    86 | D:1      | Reached XP level 2. HP: 25/26 MP: 3/3
   158 | D:1      | Found a faded altar of an unknown god.
   212 | D:1      | Reached XP level 3. HP: 31/31 MP: 4/4
   302 | D:1      | Reached skill level 5 in Axes
   348 | D:1      | Reached ** piety under Trog
   392 | D:2      | Reached XP level 4. HP: 18/38 MP: 5/5
   396 | D:2      | Identified the +8 shortbow "Imniharph" {flame, +Blink rC-
                  | rCorr}
   400 | D:2      | Noticed Natasha
   408 | D:2      | Killed Natasha
   413 | D:2      | Found a radiant altar of Vehumet.
   536 | D:2      | Reached XP level 5. HP: 40/45 MP: 6/6
   667 | D:2      | Noticed Natasha
   670 | D:2      | Killed Natasha
   906 | D:3      | Noticed an ogre
   910 | D:3      | Killed an ogre
   911 | D:3      | Reached skill level 4 in Fighting
   911 | D:3      | Reached XP level 6. HP: 53/53 MP: 7/7
  1075 | D:3      | Noticed Jessica
  1081 | D:3      | Killed Jessica
  1117 | D:4      | Found a staircase to the Ecumenical Temple.
  1172 | D:4      | Reached XP level 7. HP: 53/60 MP: 8/8
  1191 | D:4      | Reached skill level 5 in Fighting
  1234 | D:4      | Reached *** piety under Trog
  1351 | D:3      | Found a runed translucent gate.
  1352 | D:3      | Found a runed translucent gate.
  1353 | D:3      | Found a runed translucent gate.
  1362 | D:3      | Noticed Brisketman's ghost (amateur FeTm)
  1480 | D:4      | Noticed a water moccasin
  1496 | D:4      | Killed a water moccasin
  1497 | D:4      | Reached skill level 6 in Fighting
  1497 | D:4      | Reached XP level 8. HP: 42/70 MP: 9/9
  1633 | D:5      | Entered Level 5 of the Dungeon
  1646 | D:5      | Noticed Pikel
  1649 | D:5      | Pikel changed into Pikel the hog
  1649 | D:5      | Noticed Pikel
  1662 | D:5      | Killed Pikel the hog
  1693 | D:4      | Reached skill level 7 in Fighting
  1753 | D:5      | Identified the +2 ring mail of Zuasmalug {rC+}
  1887 | D:5      | Reached skill level 1 in Evocations
  1887 | D:5      | Gained mutation: You passively map the area around you.
                  | [Meteoran growth]
  1887 | D:5      | Reached XP level 9. HP: 53/79 MP: 10/10
  1959 | D:5      | Reached **** piety under Trog
  2005 | D:5      | Found a radiant altar of Vehumet.
  2254 | D:6      | Noticed Sigmund
  2257 | D:6      | Killed Sigmund
  2258 | D:6      | Reached skill level 8 in Fighting
  2258 | D:6      | Reached skill level 10 in Axes
  3230 | D:8      | Reached skill level 11 in Fighting
  3230 | D:8      | Reached skill level 5 in Shields
  3230 | D:8      | Reached XP level 10. HP: 96/96 MP: 11/11
  3243 | D:8      | Noticed Erica
  3349 | D:8      | Identified a scroll of acquirement
  3349 | D:8      | Acquired a +1 broad axe of flaming
  3409 | D:8      | Killed Erica
  3410 | D:8      | Reached XP level 11. HP: 102/102 MP: 12/12
  3532 | D:8      | Found a flagged portal.
  3549 | Bailey   | Entered a bailey
  3619 | Bailey   | Reached skill level 15 in Axes
  3619 | Bailey   | Reached XP level 12. HP: 87/110 MP: 13/13
  3654 | Bailey   | Reached ***** piety under Trog
  3662 | Bailey   | Noticed an orc knight
  3682 | Bailey   | Killed an orc knight
  3730 | Bailey   | Noticed an orc knight
  3742 | Bailey   | Killed an orc knight
  3752 | Bailey   | Acquired the ring of Omyelau {rPois rC+ Dex+2 SInv}
  4076 | D:9      | Reached skill level 10 in Shields
  4153 | D:9      | Reached skill level 5 in Armour
  4344 | D:9      | Gained mutation: Your mind is acute. (Int +4, Str/Dex -1)
                  | [potion of mutation]
  4344 | D:9      | Gained mutation: You are robust. (+10% HP) [potion of
                  | mutation]
  4344 | D:9      | Gained mutation: You have a pair of small horns on your
                  | head. [potion of mutation]
  4450 | D:9      | Noticed a centaur warrior
  4451 | D:9      | Found a runed translucent gate.
  4452 | D:9      | Found a runed translucent gate.
  4453 | D:9      | Received a gift from Trog
  4458 | D:9      | Killed a centaur warrior
  4459 | D:9      | Reached XP level 13. HP: 122/127 MP: 14/14
  4459 | D:9      | Found a runed translucent gate.
  4459 | D:9      | Noticed liarliar's ghost (novice SpEn)
  4545 | D:10     | Entered Level 10 of the Dungeon
  4578 | D:10     | Noticed Fannar
  4591 | D:10     | Killed Fannar
  4611 | D:10     | Noticed a two-headed ogre
  4617 | D:10     | Killed a two-headed ogre
  4621 | D:10     | Found Caleom's Magic Scroll Shoppe.
  4648 | D:10     | Bought a scroll of fog for 52 gold pieces
  4648 | D:10     | Bought a scroll of enchant weapon for 97 gold pieces
  4648 | D:10     | Bought a scroll of teleportation for 39 gold pieces
  4648 | D:10     | Bought a scroll of identify for 26 gold pieces
  4648 | D:10     | Bought a scroll of teleportation for 39 gold pieces
  4650 | D:10     | Bought a scroll of identify for 26 gold pieces
  4650 | D:10     | Bought a scroll of fog for 52 gold pieces
  4650 | D:10     | Bought a scroll of identify for 26 gold pieces
  5017 | D:11     | Noticed a two-headed ogre
  5019 | D:11     | Noticed a two-headed ogre
  5020 | D:11     | Noticed Shard1697's ghost (journeyman MeBe)
  5026 | D:11     | Found a transporter.
  5201 | D:11     | Found a transporter.
  5339 | D:11     | Reached skill level 10 in Evocations
  5529 | D:11     | Noticed a two-headed ogre
  5539 | D:11     | Killed a two-headed ogre
  5691 | D:12     | Noticed a boulder beetle
  5719 | D:12     | Killed a boulder beetle
  5774 | D:12     | Found Ylihum's Weapon Shoppe.
  5845 | D:12     | Noticed a two-headed ogre
  5849 | D:12     | Killed a two-headed ogre
  5887 | D:12     | Identified the +4 sling of Kavivia {drain, rCorr Str+3 SInv
                  | Stlth+}
  5945 | D:12     | Found a staircase to the Orcish Mines.
  6057 | D:12     | Reached XP level 14. HP: 126/137 MP: 15/15
  6096 | D:13     | Noticed Erolcha
  6104 | D:13     | Killed Erolcha
  6153 | D:13     | Reached skill level 12 in Fighting
  6175 | D:13     | Received a gift from Trog
  6281 | D:13     | Noticed Urug
  6299 | D:13     | Killed Urug
  6389 | D:13     | Noticed Snorg
  6405 | D:13     | Killed Snorg
  6714 | D:10     | Found a staircase to the Lair.
  6719 | Lair:1   | Entered Level 1 of the Lair of Beasts
  6719 | Lair:1   | You fall into a shaft and drop 1 floor!
  6789 | Lair:2   | Found a staircase to the Swamp.
  6869 | Lair:2   | Found a dark tunnel.
  6874 | Volcano  | Entered a volcano
  6902 | Volcano  | Reached skill level 10 in Armour
  7136 | Volcano  | Found a burning altar of Makhleb.
  7283 | Lair:1   | Reached skill level 13 in Fighting
  7298 | Lair:1   | Found a white marble altar of Elyvilon.
  7611 | Lair:2   | Reached XP level 15. HP: 149/149 MP: 16/16
  7782 | Lair:2   | Reached skill level 5 in Dodging
  7854 | Lair:2   | Found a hole to the Spider Nest.
  7944 | Lair:3   | Received a gift from Trog
  8044 | Lair:3   | Found a gate leading to a gauntlet.
  8070 | Gauntlet | Entered a Gauntlet
  8070 | Gauntlet | Found a transporter.
  8070 | Gauntlet | Found a transporter.
  8070 | Gauntlet | Found a transporter.
  8071 | Gauntlet | Found a transporter.
  8074 | Gauntlet | Found a transporter.
  8086 | Gauntlet | Found a transporter.
  8127 | Gauntlet | Found a transporter.
  8131 | Gauntlet | Paralysed by a floating eye for 3 turns
  8164 | Gauntlet | Found a transporter.
  8182 | Gauntlet | Found a transporter.
  8194 | Gauntlet | Found a transporter.
  8206 | Gauntlet | Found a transporter.
  8211 | Gauntlet | Found a transporter.
  8297 | Gauntlet | Identified the +2 robe of Insurance {Harm rC+}
  8339 | Lair:3   | Reached skill level 10 in Dodging
  8731 | Lair:5   | Entered Level 5 of the Lair of Beasts
  8821 | Lair:5   | Reached ****** piety under Trog
  8924 | Lair:5   | Reached XP level 16. HP: 155/155 MP: 0/17
  9036 | Lair:5   | Found a staircase to the Slime Pits.
  9037 | Lair:5   | Found a viscous altar of Jiyva.
  9158 | Lair:5   | Received a gift from Trog
  9214 | Lair:5   | Found a large runed translucent door.
  9214 | Lair:5   | Found a large runed translucent door.
  9396 | Swamp:1  | Entered Level 1 of the Swamp
  9418 | Swamp:1  | Reached skill level 14 in Fighting
  9562 | Swamp:1  | Noticed Mlioglotl
  9564 | Swamp:1  | Noticed a tentacled starspawn
  9579 | Swamp:1  | Killed Mlioglotl
  9712 | Swamp:2  | Noticed Frances
  9713 | Swamp:2  | Found an opulent altar of Gozag.
  9732 | Swamp:2  | Killed Frances
  9853 | Swamp:3  | Reached XP level 17. HP: 169/169 MP: 11/18
  9892 | Swamp:3  | Received a gift from Trog
 10148 | Swamp:4  | Entered Level 4 of the Swamp
 10148 | Swamp:4  | Noticed Roxanne
 10242 | Swamp:4  | Reached skill level 15 in Fighting
 10298 | Swamp:4  | Noticed the 27-headed Lernaean hydra
 10311 | Swamp:4  | Killed the 24-headed Lernaean hydra
 10369 | Swamp:4  | Noticed a fenstrider witch
 10379 | Swamp:4  | Killed a fenstrider witch
 10528 | Swamp:4  | Got a decaying rune of Zot
 10643 | Swamp:4  | Noticed a fenstrider witch
 10655 | Swamp:4  | Killed a fenstrider witch
 10659 | Swamp:4  | Noticed a thorn hunter
 10675 | Swamp:4  | Killed a thorn hunter
 10908 | Swamp:1  | Reached skill level 15 in Shields
 10933 | Swamp:1  | Received a gift from Trog
 11098 | Spider:1 | Entered Level 1 of the Spider Nest
 11134 | Spider:1 | Gained mutation: You passively map a large area around you.
                  | [Meteoran growth]
 11134 | Spider:1 | Reached XP level 18. HP: 168/179 MP: 14/19
 11538 | Spider:3 | Acquired a manual of Evocations
 11708 | Spider:3 | Reached skill level 16 in Fighting
 11721 | Spider:4 | Entered Level 4 of the Spider Nest
 11940 | Spider:4 | Reached skill level 15 in Evocations
 12003 | Spider:3 | Received a gift from Trog
 12005 | Spider:3 | Noticed Azrael
 12023 | Spider:3 | Killed Azrael
 12122 | Spider:3 | Noticed Donald
 12143 | Spider:4 | Killed Donald
 12303 | Spider:4 | Reached XP level 19. HP: 135/191 MP: 3/20
 12590 | Spider:4 | Got a gossamer rune of Zot
 12637 | Spider:4 | Received a gift from Trog
 13063 | Orc:1    | Entered Level 1 of the Orcish Mines
 13123 | Orc:2    | Entered Level 2 of the Orcish Mines
 13123 | Orc:2    | Found a staircase to the Elven Halls.
 13163 | Orc:2    | Found a frozen archway.
 13173 | IceCv    | Entered an ice cave
 13490 | IceCv    | Reached skill level 17 in Fighting
 13515 | IceCv    | Received a gift from Trog
 13827 | Orc:2    | Found Guro's Jewellery Shoppe.
 13827 | Orc:2    | Found Laimeady's Book Shoppe.
 13830 | Orc:2    | Found Ajashrock's General Store.
 13834 | Orc:2    | Found Wudgholl's Assorted Antiques.
 13836 | Orc:2    | Bought the ring "Kidghej" {AC+4 Str+4} for 771 gold pieces
 13836 | Orc:2    | Bought the ring "Efuokly" {Fire *Corrode +Blink rElec
                  | Str+2} for 669 gold pieces
 13876 | Orc:2    | Received a gift from Trog
 13975 | Orc:1    | Found Voihe's Assorted Antiques.
 13981 | Orc:1    | Bought a potion of might for 100 gold pieces
 13981 | Orc:1    | Bought 2 potions of heal wounds for 250 gold pieces
 14255 | Elf:1    | Entered Level 1 of the Elven Halls
 14658 | Elf:2    | Found a runed translucent gate.
 14658 | Elf:2    | Found a runed translucent gate.
 14658 | Elf:2    | Found a runed translucent gate.
 14723 | Elf:3    | Entered Level 3 of the Elven Halls
 14756 | Elf:3    | Reached XP level 20. HP: 192/202 MP: 14/21
 14913 | Elf:3    | Received a gift from Trog
 15448 | Elf:3    | Noticed a Tzitzimitl
 15461 | Elf:3    | Received a gift from Trog
 15470 | Elf:3    | Reached skill level 18 in Fighting
 15474 | Abyss:3  | Found a corrupted altar of Lugonu.
 15474 | Abyss:3  | Cast into level 3 of the Abyss (a deep elf sorcerer)
 15482 | Elf:3    | Escaped the Abyss
 15592 | Elf:3    | Identified the +4 ring mail "Enach" {Will+}
 15679 | Elf:3    | Identified the +1 mace of Hib Riji {freeze, rPois rC+ MP+9
                  | Dex+2}
 15704 | Elf:3    | Identified the +2 rapier of Truncation {venom, Int+3 Dex+4}
 15710 | Elf:3    | Identified the +8 shortbow "Roikutil" {heavy, rPois rN+++
                  | Will- Int+4}
 15971 | D:14     | Found Emmeguon's General Store.
 15974 | D:14     | Found Osast's Distillery.
 15976 | D:14     | Found Geej's Antique Weapon Boutique.
 15977 | D:14     | Found Emyvvud's Magic Scroll Boutique.
 15980 | D:14     | Bought a scroll of teleportation for 54 gold pieces
 15984 | D:14     | Bought a potion of heal wounds for 80 gold pieces
 15984 | D:14     | Bought a potion of mutation for 128 gold pieces
 15984 | D:14     | Bought a potion of curing for 48 gold pieces
 15984 | D:14     | Bought a potion of curing for 48 gold pieces
 16062 | D:14     | Found a gate to the Vaults.
 16069 | Vaults:1 | Entered Level 1 of the Vaults
 16090 | Vaults:1 | Noticed Asterion
 16098 | Vaults:1 | Killed Asterion
 16172 | Vaults:1 | Reached skill level 15 in Armour
 16200 | Vaults:1 | Reached XP level 21. HP: 213/213 MP: 18/22
 16379 | Vaults:2 | Received a gift from Trog
 16598 | Vaults:3 | Found a staircase to the Crypt.
 16598 | Vaults:3 | Found an ancient bone altar of Kikubaaqudgha.
 16599 | Vaults:3 | Found a basalt altar of Yredelemnul.
 16817 | Vaults:4 | Found Beteih's Antique Weapon Shop.
 16832 | Vaults:4 | Found the ring of the Mage {Wiz Archmagi}
 16833 | Vaults:4 | Noticed a tentacled monstrosity
 16843 | Vaults:4 | Killed a tentacled monstrosity
 16844 | Vaults:4 | Reached skill level 1 in Stealth
 16849 | Vaults:4 | Received a gift from Trog
 16945 | Vaults:4 | Noticed Margery
 16950 | Vaults:4 | Killed Margery
 16971 | Vaults:4 | Found a runed translucent door.
 16971 | Vaults:4 | Noticed Pixtaico's ghost (adept FeNe)
 16981 | Vaults:4 | Killed Pixtaico's ghost
 17010 | Vaults:4 | Reached XP level 22. HP: 181/224 MP: 1/23
 17013 | Vaults:4 | Reached skill level 5 in Stealth
 17178 | Vaults:4 | Noticed Xtahua
 17242 | Vaults:4 | Killed Xtahua
 17423 | Vaults:5 | Entered Level 5 of the Vaults
 17463 | Vaults:5 | Received a gift from Trog
 17466 | Vaults:5 | Identified the +5 scale mail of a Labyrinth {Rampage}
 17473 | Vaults:5 | Reached skill level 19 in Fighting
 17735 | Vaults:5 | Noticed Saint Roka
 17746 | Vaults:5 | Killed Saint Roka
 17747 | Vaults:5 | Noticed a dread lich
 17758 | Vaults:5 | Identified the +4 war axe of the Nice God {protect, rF+
                  | Int+4}
 17765 | Vaults:5 | Paralysed by a dread lich for 5 turns
 17773 | Vaults:5 | Killed a dread lich
 17779 | Vaults:5 | Noticed a golden dragon
 17784 | Vaults:5 | Killed a golden dragon
 17836 | Vaults:5 | Reached XP level 23. HP: 151/234 MP: 0/24
 17954 | Vaults:5 | Noticed a golden dragon
 17963 | Vaults:5 | Killed a golden dragon
 18047 | Vaults:5 | Received a gift from Trog
 18294 | Vaults:5 | Identified the +5 battleaxe "Pywkucsy" {heavy, Int+4
                  | Stlth-}
 18383 | Vaults:5 | Received a gift from Trog
 18391 | Vaults:5 | Reached skill level 20 in Fighting
 18625 | Vaults:5 | Got a silver rune of Zot
 18936 | D:15     | Entered Level 15 of the Dungeon
 19052 | D:15     | Found a staircase to the Depths.
 19255 | Orc:1    | Bought a wand of acid (5) for 525 gold pieces
 19357 | Depths:1 | Entered Level 1 of the Depths
 19372 | Depths:1 | Noticed a juggernaut
 19384 | Depths:1 | Killed a juggernaut
 19402 | Depths:1 | Reached XP level 24. HP: 246/246 MP: 18/24
 19417 | Depths:1 | You fall into a shaft and drop 1 floor!
 19469 | Depths:2 | Noticed a golden dragon
 19477 | Depths:2 | Killed a golden dragon
 19482 | Depths:2 | Noticed a caustic shrike
 19497 | Depths:2 | Received a gift from Trog
 19498 | Depths:2 | Killed a caustic shrike
 19661 | Depths:2 | Noticed a juggernaut
 19673 | Depths:2 | Killed a juggernaut
 19930 | Depths:2 | Found a one-way gateway to a ziggurat.
 20070 | Depths:2 | Found a broken altar of Ashenzari.
 20146 | Depths:3 | Received a gift from Trog
 20153 | Depths:3 | Found a gateway to Hell.
 20176 | Depths:3 | Found a one-way gate to the infinite horrors of the Abyss.
 20275 | Depths:4 | Entered Level 4 of the Depths
 20448 | Depths:4 | Found a gate to the Realm of Zot.
 20538 | Depths:4 | Reached XP level 25. HP: 246/256 MP: 23/24
 20593 | Zot:1    | Entered Level 1 of the Realm of Zot
 20629 | Zot:1    | Noticed a curse toe
 20641 | Zot:1    | HP: 8/243 [shadow dragon/bolt of negative energy (37)]
 21171 | Depths:4 | Killed a curse toe
 21209 | Depths:4 | Received a gift from Trog
 21210 | Depths:4 | Reached skill level 15 in Dodging
 21215 | Depths:4 | Identified the ring of Suspicion {Ice Int+6 Dex+2 SInv}
 21258 | Depths:4 | Paralysed by a floating eye for 3 turns
 21313 | Zot:1    | Noticed a golden dragon
 21340 | Zot:1    | Noticed a golden dragon
 21344 | Zot:1    | Killed a golden dragon
 21356 | Zot:1    | Killed a golden dragon
 21533 | Zot:3    | Noticed a golden dragon
 21555 | Zot:3    | Killed a golden dragon
 21889 | Zot:3    | Reached skill level 21 in Fighting
 21992 | Zot:3    | Noticed a golden dragon
 22008 | Zot:3    | Killed a golden dragon
 22033 | Zot:4    | Noticed a golden dragon
 22044 | Zot:4    | Killed a golden dragon
 22045 | Zot:4    | Noticed a curse toe
 22097 | Zot:4    | Noticed a curse toe
 22112 | Zot:3    | Killed a curse toe
 22171 | Zot:3    | Killed a curse toe
 22511 | Zot:4    | Reached skill level 22 in Fighting
 22647 | Zot:4    | Noticed a Killer Klown
 22668 | Zot:4    | Killed a Killer Klown
 22709 | Zot:5    | Entered Level 5 of the Realm of Zot
 22744 | Zot:5    | Reached XP level 26. HP: 247/259 MP: 21/24
 22777 | Zot:5    | Noticed an orb of fire
 22783 | Zot:5    | Lost mutation: You are robust. (+10% HP) [an orb of fire]
 22784 | Zot:5    | Gained mutation: Your body sometimes deteriorates upon
                  | taking damage. [an orb of fire]
 22787 | Zot:5    | Gained mutation: Armour fits poorly on your strangely
                  | shaped body. [an orb of fire]
 22790 | Zot:5    | Gained mutation: You sometimes lose your temper in combat.
                  | [an orb of fire]
 22795 | Zot:5    | Gained mutation: Your body often deteriorates upon taking
                  | damage. [an orb of fire]
 22798 | Zot:5    | Killed an orb of fire
 22812 | Zot:5    | Noticed a curse toe
 22827 | Zot:5    | Killed a curse toe
 22988 | Zot:5    | Noticed an ancient lich
 23099 | Zot:5    | Found a transporter.
 23101 | Zot:5    | Noticed rabbitsville's ghost (legendary HOFi)
 23350 | Zot:5    | Reached skill level 23 in Fighting
 23417 | Zot:5    | Lost mutation: Armour fits poorly on your strangely shaped
                  | body. [potion of mutation]
 23417 | Zot:5    | Lost mutation: You sometimes lose your temper in combat.
                  | [potion of mutation]
 23417 | Zot:5    | Lost mutation: You have a pair of small horns on your head.
                  | [potion of mutation]
 23417 | Zot:5    | Gained mutation: You are clumsy. (Dex -2) [potion of
                  | mutation]
 23417 | Zot:5    | Gained mutation: Your system is resistant to poisons.
                  | (rPois) [potion of mutation]
 23470 | Zot:5    | Noticed an orb of fire
 23482 | Zot:5    | Noticed a Killer Klown
 23488 | Zot:5    | Killed an orb of fire
 23495 | Zot:5    | Noticed a Killer Klown
 23505 | Zot:5    | Killed a Killer Klown
 23525 | Zot:5    | Killed a Killer Klown
 23610 | Zot:5    | Noticed an orb of fire
 23626 | Zot:5    | Killed an orb of fire
 23634 | Zot:5    | Noticed a Killer Klown
 23664 | Zot:5    | Reached skill level 24 in Fighting
 23671 | Zot:5    | Killed a Killer Klown
 23784 | Zot:5    | Noticed an orb of fire
 23795 | Zot:5    | Received a gift from Trog
 23808 | Zot:5    | Noticed a Killer Klown
 23813 | Zot:5    | Lost mutation: Your mind is acute. (Int +4, Str/Dex -1) [an
                  | orb of fire]
 23815 | Zot:5    | Gained mutation: You are resistant to electric shocks.
                  | (rElec) [an orb of fire]
 23816 | Zot:5    | Gained mutation: Your muscles are strong. (Str +4, Int/Dex
                  | -1) [an orb of fire]
 23817 | Zot:5    | Killed an orb of fire
 23834 | Zot:5    | Killed a Killer Klown
 23841 | Zot:5    | Noticed an ancient lich
 23848 | Zot:5    | Killed an ancient lich
 23856 | Zot:5    | Noticed an ancient lich
 23879 | Zot:5    | Killed an ancient lich
 23880 | Zot:5    | Reached skill level 25 in Fighting
 23880 | Zot:5    | Reached XP level 27. HP: 95/266 MP: 0/24
 24012 | Zot:5    | Noticed a dread lich
 24014 | Zot:5    | Got the Orb of Zot
 24256 | Depths:4 | Noticed Qucag the pandemonium lord
 24598 | D:12     | Noticed Yhivouci the pandemonium lord
 24845 | D:1      | Lost mutation: You are clumsy. (Dex -2) [potion of
                  | mutation]
 24845 | D:1      | Lost mutation: Your system is resistant to poisons. (rPois)
                  | [potion of mutation]
 24845 | D:1      | Lost mutation: Your muscles are strong. (Str +4, Int/Dex
                  | -1) [potion of mutation]
 24845 | D:1      | Gained mutation: You occasionally lose the ability to drink
                  | potions when taking damage. [potion of mutation]
 24846 | D:1      | Lost mutation: You are resistant to electric shocks.
                  | (rElec) [potion of mutation]
 24846 | D:1      | Lost mutation: You occasionally lose the ability to drink
                  | potions when taking damage. [potion of mutation]
 24846 | D:1      | Gained mutation: Your natural rate of healing is unusually
                  | fast. [potion of mutation]
 24846 | D:1      | Gained mutation: You are somewhat resistant to further
                  | mutation. [potion of mutation]
 24847 | D:1      | Lost mutation: You are somewhat resistant to further
                  | mutation. [potion of mutation]
 24847 | D:1      | Lost mutation: Your natural rate of healing is unusually
                  | fast. [potion of mutation]
 24847 | D:1      | Lost mutation: Your body often deteriorates upon taking
                  | damage. [potion of mutation]
 24847 | D:1      | Gained mutation: You are weak. (Str -2) [potion of
                  | mutation]
 24847 | D:1      | Gained mutation: You are agile. (Dex +4, Str/Int -1)
                  | [potion of mutation]
 24848 | D:1      | Lost mutation: You are weak. (Str -2) [potion of mutation]
 24848 | D:1      | Lost mutation: Your body sometimes deteriorates upon taking
                  | damage. [potion of mutation]
 24848 | D:1      | Lost mutation: You are agile. (Dex +4, Str/Int -1) [potion
                  | of mutation]
 24848 | D:1      | Gained mutation: You are vulnerable to cold. (rC-) [potion
                  | of mutation]
 24848 | D:1      | Gained mutation: You are resistant to electric shocks.
                  | (rElec) [potion of mutation]
 24850 | D:$      | Escaped with the Orb!

Illustrated notes

Levels and vault maps discovered:
D:1:      dpeg_arrival_fog, layout_rooms,
          shapermc_ecumenical_altar_starsandcircs, minmay_misc_feat_room
D:2:      layout_rooms, basic_altar, minmay_3d_cube, uniq_natasha
D:3:      layout_basic, gammafunk_ghost_necromancy, minmay_misc_feat_alley,
          uniq_jessica
D:4:      layout_loops_ring, minmay_temple_entry_crystal_x
D:5:      layout_rooms, amcnicky_altar_gilded, dk_rats_in_the_wall, uniq_pikel
D:6:      layout_basic, uniq_sigmund
D:7:      layout_gridville, nicolae_twisty_statue_hallways
D:8:      layout_loops_ring, enter_bailey_4, uniq_erica
D:9:      layout_basic, gammafunk_ghost_nasty_kobolds, serial_undead,
          serial_undead_b, serial_undead_e, serial_undead_a, serial_undead_b,
          due_unseen_surprise
D:10:     cheibrodos_iron_armory, layout_cave_pools, lair_entry_dummy,
          serial_shops, shop, grunt_ministairs_14, worms_lemuel, uniq_fannar
D:11:     layout_long_grid, gammafunk_ghost_arena
D:12:     layout_basic, minmay_orc_entry_guard_dogs, serial_shops, shop,
          amcnicky_mini_pool_small
D:13:     layout_loops_ring, uniq_erolcha, uniq_urug, uniq_snorg
D:14:     layout_basic, david_vaults_4, minmay_misc_feat_encased,
          minmay_shop_grid_forest, eino_jars
D:15:     gammafunk_depths_entry_grave, layout_loops_cross, dk_noncrumbling_3
Lair:1:   layout_big_grid, basic_altar, grunt_megastairs_2
Lair:2:   layout_long_grid, swamp_mist, hellmonk_spider_entry_life_and_decay,
          enter_volcano_4, gammafunk_lair_bear_cave
Lair:3:   beast_lair_carwin_large_4, layout_regular_city,
          gauntlet_entry_generic, nicolae_quartered_pool_little,
          grunt_megastairs_1
Lair:4:   layout_loops_ring
Lair:5:   cheibrodos_lair_end_hotspot, layout_regular_city,
          nicolae_slime_entry_slimehenge
Swamp:1:  layout_basic_swamp, nicolae_swamp_bean_lake, uniq_nikola,
          uniq_mlioglotl
Swamp:2:  layout_basic_swamp, nicolae_swamp_godswood, uniq_frances
Swamp:3:  layout_basic_swamp, serial_swamp_ruin, evilmike_swamp_ruin_house_3,
          hangedman_swamp_ruin_wall
Swamp:4:  swamp_old_school, layout_basic_swamp, swamp_pool4, lightli_tree_ring,
          infiniplex_staircase_pool, uniq_roxanne
Spider:1: layout_spider_delve
Spider:2: layout_spider_delve, uniq_arachne, uniq_louise
Spider:3: layout_spider_delve, uniq_donald, uniq_azrael
Spider:4: grunt_spider_rune_island
Orc:1:    layout_caves, serial_shops, nicolae_shop_just_a_little_nook,
          trog_butcher_becter
Orc:2:    st_orc_mages, layout_caves, portal_ice_cave_entry_pillars_1
Elf:1:    layout_geoelf_grid, serial_glass, glass_columns_a, glass_columns_b,
          glass_columns_a, glass_columns_a, ebering_ghost_inner_flame,
          serial_shops, shop, minmay_elf_demonology, glass_columns_a
Elf:2:    elven_hall_of_blades_hangedman_original
          [infiniplex_blade_entry_pillars], layout_onion_city, serial_shops,
          bzr_firewalk
Elf:3:    minmay_elf_hall_hex, layout_loops_cross, enter_trove_6,
          nicolae_shop_overcharged_wands
Vaults:1: st_greater_box_4, hangedman_vaults_stitches,
          nicolae_vaults_specimen_jars, nicolae_vaults_circle_grid_a,
          nicolae_vaults_stepped_doors, nicolae_vaults_trapezoid_4,
          grunt_vaults_hallway_short, layout_vaults_chaotic_city, uniq_asterion
Vaults:2: nicolae_vaults_spaceships, nicolae_vaults_offset_grid_hallway_2,
          nicolae_vaults_network_barrier, vaults_room_stairs_pillars,
          vaults_mumra_hex, hangedman_vaults_river_flow, v_misc_14,
          nicolae_vaults_offset_grid_hallway_4, ontoclasm_vaults_chip,
          ontoclasm_vaults_spin, vaults_room_hallway, nicolae_vaults_house_1,
          hangedman_vaults_impose, layout_vaults_omnibox, uniq_jory
Vaults:3: nicolae_vaults_c_with_doors, nicolae_vaults_shrinking_rooms_1,
          nicolae_vaults_more_shelving_1, minmay_crypt_entry_necro_gods,
          hangedman_vaults_pinch, vaults_dpeg_emergency_exit,
          nicolae_vaults_six-pack, nicolae_vaults_tetromino_Z_1,
          nicolae_vaults_oval_intersection, vaults_room_semicircle,
          nicolae_vaults_closet_pinwheel_1, v_alt_pattern_5,
          layout_vaults_maze_snakey
Vaults:4: gammafunk_ghost_grave, nicolae_vaults_diffraction_hallways,
          vaults_room_octagon, v_misc_19, v_rooms_4, vaults_mumra_chevron,
          nicolae_vaults_frosty_reception, serial_ice_h,
          nicolae_vaults_apartment_2, v_misc_28, v_pattern_1,
          hangedman_vaults_stretched_pinwheel, nicolae_vaults_yaktaur_gun_rack,
          grunt_vaults_focal, hangedman_vaults_trim, layout_vaults_ring,
          serial_shops, shop, uniq_margery, uniq_saint_roka, uniq_xtahua
Vaults:5
Depths:1: layout_gridlike, pf_hell_entry_tar_spiral, kennysheep_minor_cross,
          abyss_entry_crystal, grunt_dithmenos_smoke
Depths:2: lemuel_castle_with_subvaults [lemuel_castle_interior_carwin_1],
          layout_gridlike, enter_ziggurat_d, grunt_hell_entry_dis_mu,
          grunt_pan_entry_in_and_out, cheibrodos_ashenzari_chains
Depths:3: minmay_roctagon, layout_long_grid, hangedman_abyss_entry_splay,
          hell_entry, moated_statue, grunt_pan_entry_zigzag, fedhas_altar_2,
          minmay_staircase_windowed_large
Depths:4: hangedman_spin_cycle, hell_entry
Zot:1:    layout_concentric_octagons
Zot:2:    layout_basic, zot_minivault_5, grunt_megastairs_4
Zot:3:    layout_misc_corridors
Zot:4:    layout_misc_corridors, grunt_ministairs_12, lemuel_elevator
Zot:5:    layout_gridville, gammafunk_ghost_abyssal_escape

Skill      XL: |  1  2  3  4  5  6  7  8  9 10 11 12 13 14 15 16 17 18 19 20 21 22 23 24 25 26 |
---------------+-------------------------------------------------------------------------------+-----
Axes           | 4 5 6 7 8 9 13 15 16 17 18 19 20 21 22 23 | 23.2
Fighting       | 4 6 7 11 13 14 15 16 17 18 19 20 22 25 | 25.4
Evocations     | 1 6 8 9 10 12 13 15 17 19 20 | 20.3
Shields        | 5 6 9 10 11 12 13 15 16 17 18 19 20 | 20.0
Armour         | 5 8 10 12 13 15 16 18 | 18.6
Dodging        | 4 11 14 17 | 17.0
Stealth        | 4 6 |  6.8

Action                     |  1- 3 |  4- 6 |  7- 9 | 10-12 | 13-15 | 16-18 | 19-21 | 22-24 | 25-27 || total
---------------------------+-------+-------+-------+-------+-------+-------+-------+-------+-------++-------
  Melee: Hand axe          |    84 |       |    20 |       |       |       |       |       |       ||   104
         Punch             |     1 |       |     1 |       |       |       |       |       |       ||     2
         War axe           |       |       |    22 |    19 |       |       |       |       |       ||    41
         Broad axe         |       |       |       |   232 |   722 |   816 |   943 |   934 |   746 ||  4393
         Headbutt          |       |       |       |     4 |   178 |   238 |   263 |   328 |   151 ||  1162
   Fire: Shortbow          |       |    69 |   208 |       |       |       |       |       |       ||   277
 Invoke: Berserk           |       |       |     2 |     5 |     5 |     6 |     2 |     2 |    10 ||    32
         Trog's Hand       |       |       |       |       |     2 |     1 |     2 |     7 |     1 ||    13
         Brothers in Arms  |       |       |       |       |       |     1 |     5 |     6 |     3 ||    15
  Evoke: Wand              |       |       |     1 |       |     5 |    14 |     3 |    15 |    11 ||    49
         Box of beasts     |       |       |       |       |       |     1 |     2 |       |     1 ||     4
    Use: Scroll            |       |       |     4 |    13 |    16 |     4 |     6 |    10 |     6 ||    59
         Potion            |       |       |     1 |     7 |     3 |       |       |    10 |    46 ||    67
   Stab: Petrified         |       |       |       |       |     3 |       |       |       |       ||     3
         Distracted        |       |       |       |       |       |     1 |     3 |       |       ||     4
         Confused          |       |       |       |       |       |       |       |       |     1 ||     1
 Armour: Animal skin       |     9 |       |       |       |       |       |       |       |       ||     9
         Leather armour    |    23 |    12 |       |       |       |       |       |       |       ||    35
         Scale mail        |       |     4 |    55 |       |       |       |       |       |       ||    59
         Ring mail         |       |       |    53 |    34 |       |       |       |       |       ||    87
         Plate armour      |       |       |       |    30 |   150 |   304 |   263 |   303 |   339 ||  1389
         Acid dragon scale |       |       |       |     7 |   117 |       |       |       |       ||   124
         Chain mail        |       |       |       |       |    11 |       |       |       |       ||    11
  Dodge: Dodged            |    52 |    11 |   118 |    65 |   206 |   292 |   186 |   230 |   282 ||  1442
  Block: Kite shield       |       |       |    12 |   126 |   473 |   805 |   699 |   641 |   439 ||  3195
         Reflection        |       |       |       |       |       |    18 |    52 |    25 |       ||    95

Table legend: (Time is in decaauts)
 A = Elapsed time spent in this place.
 B = Non-inter-level travel time spent in this place.
 C = Inter-level travel time spent in this place.
 D = Time resting spent in this place.
 E = Time spent auto-exploring this place.
 F = Levels seen in this place.
 G = Mean time per level.
                   A        B        C        D        E       F      G
               +--------+--------+--------+--------+--------+-----+--------+
         Total |  24339 |  15263 |   9076 |   1801 |     62 |  52 |  468.1 |
       Dungeon |   7671 |   3639 |   4032 |     80 |     15 |  15 |  511.4 |
          Lair |   2137 |   1195 |    942 |      0 |      0 |   5 |  427.4 |
         Swamp |   1721 |    769 |    952 |     52 |      0 |   4 |  430.2 |
   Spider Nest |   1763 |   1065 |    698 |    182 |      0 |   4 |  440.8 |
  Orcish Mines |    780 |    449 |    331 |      0 |     47 |   2 |  390.0 |
   Elven Halls |   1546 |    748 |    798 |     32 |      0 |   3 |  515.3 |
        Vaults |   2603 |   1834 |    769 |    121 |      0 |   5 |  520.6 |
        Depths |   2055 |   1590 |    465 |    544 |      0 |   4 |  513.8 |
           Zot |   2795 |   2707 |     88 |    653 |      0 |   5 |  559.0 |
         Abyss |      7 |      7 |      0 |      0 |      0 |   1 |    7.0 |
        Bailey |    256 |    256 |      0 |     25 |      0 |   1 |  256.0 |
      Ice Cave |    448 |    448 |      0 |      0 |      0 |   1 |  448.0 |
       Volcano |    321 |    321 |      0 |    109 |      0 |   1 |  321.0 |
      Gauntlet |    231 |    231 |      0 |      0 |      0 |   1 |  231.0 |
               +--------+--------+--------+--------+--------+-----+--------+

Top non-repeatable levels by time:
   Zot:5: 1170 daAuts
Vaults:5: 1064 daAuts
Depths:4: 1017 daAuts
Spider:4: 861 daAuts
    D:11: 861 daAuts
Vaults:4: 816 daAuts
     D:7: 694 daAuts
   Elf:3: 683 daAuts
   Zot:3: 671 daAuts
 Swamp:4: 668 daAuts
  Lair:2: 622 daAuts
  Lair:5: 608 daAuts
    D:12: 606 daAuts
     D:6: 596 daAuts
     D:3: 596 daAuts
